[Event "Oslo Chess Festival 2017"]
[Site "Oslo"]
[Date "2017.09.30"]
[Round "3"]
[White "Vogt, Lothar"]
[Black "Lindblom, Roar"]
[Result "1-0"]
[ECO "A08"]
[WhiteElo "2401"]
[BlackElo "1940"]
[Annotator "ChessBase"]
[PlyCount "133"]
[EventDate "2017.??.??"]
[EventType "swiss"]
[EventCountry "NOR"]
[SourceTitle "playchess.com"]
[Source "ChessBase"]
[SourceQuality "1"]
[TimeControl "5400+30"]

1. Nf3 d5 2. g3 c5 3. Bg2 Nc6 4. O-O e5 5. d3 Nf6 6. e4 d4 7. a4 Be7 8. Na3 Bg4 9. h3 Bxf3 10. Qxf3 a6 11. Nc4 b5 12. axb5 axb5 13. Rxa8 Qxa8 14. Nb6 Qb7 15. Nd5 Nd8 16. Nxe7 Qxe7 17. Qe2 Nd7 18. f4 O-O 19. f5 f6 20. g4 Nf7 21. h4 h6 22. Rf3 Ra8 23. Kh2 Ra6 24. Rf1 Ra1 25. Bd2 Ra2 26. Rb1 Nb6 27. Qd1 c4 28. Bf1 Qc5 29. Qc1 Qe7 30. Ra1 Rxa1 31. Qxa1 Qb7 32. Qa3 Qc6 33. Bb4 cxd3 34. Bxd3 Nc4 35. Qb3 Kh7 36. Kg3 Nfd6 37. Bxd6 Nxd6 38. Kf3 Nc4 39. Ke2 Nd6 40. Qe6 Qc5 41. g5 hxg5 42. hxg5 fxg5 43. b3 g4 44. Qg6+ Kh8 45. Qxg4 Qc7 46. Qg5 Nf7 47. Qg6 Nd6 48. Qe6 Qc5 49. Kf3 Kh7 50. Kg4 Qb4 51. Qxe5 Nf7 52. Qh2+ Nh6+ 53. Kf3 Qe1 54. Qf2 Qd1+ 55. Kf4 Qg4+ 56. Ke5 Qg5 57. Kxd4 Ng4 58. Qg3 Qf6+ 59. Kc5 Ne5 60. Kb4 Qd6+ 61. Kxb5 Qb8+ 62. Ka4 Qa7+ 63. Kb4 Qb6+ 64. Ka3 Qd4 65. Ka2 Kg8 66. Kb1 Qc5 67. f6 1-0

[Event "Oslo Chess Festival 2017"]
[Site "Oslo"]
[Date "2017.09.30"]
[Round "3"]
[White "Mikalsen, Erlend"]
[Black "Lillevold, Frode"]
[Result "1-0"]
[ECO "C67"]
[WhiteElo "2322"]
[BlackElo "2128"]
[Annotator "NA"]
[PlyCount "94"]
[EventDate "2017.??.??"]
[EventType "swiss"]
[EventCountry "NOR"]
[SourceTitle "playchess.com"]
[Source "ChessBase"]
[SourceQuality "1"]
[TimeControl "5400+30"]

1. e4 e5 2. Nf3 Nc6 3. Bb5 Nf6 4. O-O Nxe4 5. d4 Nd6 6. Bxc6 dxc6 7. dxe5 Nf5 8. Qxd8+ Kxd8 9. Nc3 Ne7 10. Rd1+ Ke8 11. h3 Ng6 12. Ne4 Bf5 13. Re1 Rd8 14. g4 Bxe4 15. Rxe4 Rd1+ 16. Kg2 Be7 17. b3 Nh4+ 18. Nxh4 Bxh4 19. Re2 Bg5 20. Bb2 Rxa1 21. Bxa1 h5 22. Re4 hxg4 23. hxg4 Bc1 24. e6 Rh7 25. exf7+ Kxf7 26. Be5 Rh6 27. Bxc7 c5 28. f4 b5 29. f5 b4 30. Bf4 Bxf4 31. Rxf4 Ra6 32. Rc4 Rxa2 33. Rxc5 a5 34. Rc7+ Kf8 35. Kg3 a4 36. bxa4 Rxa4 37. Kh4 Ra3 38. Rc8+ Kf7 39. g5 b3 40. cxb3 Rxb3 41. g6+ Ke7 42. Rg8 Kf6 43. Rf8+ Ke5 44. f6 Rb4+ 45. Kh5 Rb7 46. fxg7 Rxg7 47. Kh6 Kd5 1-0

[Event "Oslo Chess Festival 2017"]
[Site "Oslo"]
[Date "2017.09.30"]
[Round "3"]
[White "Vestby-Ellingsen, Mads"]
[Black "Nilsen, Tobias Lang"]
[Result "1/2-1/2"]
[ECO "E52"]
[WhiteElo "2262"]
[BlackElo "1899"]
[Annotator "NA"]
[PlyCount "119"]
[EventDate "2017.??.??"]
[EventType "swiss"]
[EventCountry "NOR"]
[SourceTitle "playchess.com"]
[Source "ChessBase"]
[SourceQuality "1"]
[TimeControl "5400+30"]

1. Nf3 d5 2. d4 Nf6 3. c4 e6 4. Nc3 Bb4 5. e3 O-O 6. Bd3 b6 7. O-O Bb7 8. a3 Bxc3 9. bxc3 Nbd7 10. cxd5 exd5 11. c4 dxc4 12. Bxc4 c5 13. Bb2 Rc8 14. d5 a6 15. a4 b5 16. axb5 axb5 17. Bxb5 Bxd5 18. Ne5 Nxe5 19. Bxe5 Bc6 20. Ba6 Ra8 21. Bd6 Re8 22. Bxc5 Nd7 23. Bd4 Qg5 24. f3 Ne5 25. Qe2 Ng6 26. Kh1 Nh4 27. Qf2 Nf5 28. e4 Nxd4 29. Qxd4 Rad8 30. Qc3 Rd2 31. Rg1 Rd6 32. Ra5 Qh4 33. Qe1 Qf4 34. Qc1 Qh4 35. g3 Qf6 36. Qf4 Qxf4 37. gxf4 Rxe4 38. Bb5 Re8 39. Bxc6 Rxc6 40. Rag5 g6 41. f5 Kg7 42. fxg6 hxg6 43. R5g2 Rf6 44. Rf2 Re3 45. Rg3 Rfe6 46. f4 Re1+ 47. Kg2 R1e2 48. Kg1 Re1+ 49. Kg2 R1e2 50. Rgf3 Rxf2+ 51. Kxf2 Rf6 52. Kg3 Rf5 53. Kg4 Rh5 54. h4 Ra5 55. Rc3 Rf5 56. Rh3 Rh5 57. Rh1 Kf6 58. Kg3 Ra5 59. Kg4 Rh5 60. Ra1 {[%emt 0:00:16] Ke5} 1/2-1/2

[Event "Oslo Chess Festival 2017"]
[Site "Oslo"]
[Date "2017.09.30"]
[Round "3"]
[White "Li, Xueyi"]
[Black "Stark, Lars"]
[Result "0-1"]
[ECO "E00"]
[WhiteElo "2157"]
[BlackElo "2397"]
[Annotator "NA"]
[PlyCount "103"]
[EventDate "2017.??.??"]
[EventType "swiss"]
[EventCountry "NOR"]
[SourceTitle "playchess.com"]
[Source "ChessBase"]
[SourceQuality "1"]
[TimeControl "5400+30"]

1. d4 Nf6 2. c4 e6 3. g3 Bb4+ 4. Bd2 Qe7 5. Bg2 Nc6 6. e3 O-O 7. Ne2 e5 8. d5 Nb8 9. O-O a5 10. Nbc3 Na6 11. a3 Bxc3 12. Nxc3 Nc5 13. e4 d6 14. Be3 Ng4 15. Bxc5 dxc5 16. h3 Nf6 17. f4 Ne8 18. Qh5 f6 19. f5 a4 20. Qe2 Bd7 21. Qe3 b6 22. Rf2 Nd6 23. Bf1 g5 24. Bd3 Kf7 25. Qe2 Ke8 26. Qh5+ Qf7 27. Qe2 Ke7 28. Re1 Rg8 29. Qd1 Kd8 30. Be2 Kc8 31. Bd3 Kb7 32. Rh2 Kc8 33. Rf2 Kd8 34. Be2 Ke7 35. Bd3 Rg7 36. Rh2 Qe8 37. Qe2 Qb8 38. Qd1 Qa7 39. Kh1 Rag8 40. Bc2 Qa6 41. Bxa4 Bxa4 42. Qxa4 Qxa4 43. Nxa4 Ra8 44. b3 Rgg8 45. Ra2 Rxa4 46. bxa4 Ra8 47. g4 Rxa4 48. h4 gxh4 49. Rh2 Nf7 50. Rxh4 h6 51. Rd1 Kd6 52. Rc1 0-1

[Event "Oslo Chess Festival 2017"]
[Site "Oslo"]
[Date "2017.09.30"]
[Round "3"]
[White "Gonzalez, Francisco Silva"]
[Black "Maksimovic, Branimir"]
[Result "0-1"]
[ECO "B07"]
[WhiteElo "2046"]
[BlackElo "2343"]
[Annotator "NA"]
[PlyCount "134"]
[EventDate "2017.??.??"]
[EventType "swiss"]
[EventCountry "NOR"]
[SourceTitle "playchess.com"]
[Source "ChessBase"]
[SourceQuality "1"]
[TimeControl "5400+30"]

1. d4 d6 2. e4 Nf6 3. f3 Nc6 4. Ne2 e5 5. d5 Ne7 6. c4 Ng6 7. Nbc3 Be7 8. Be3 Nh5 9. Qd2 h6 10. g3 Bg5 11. h4 Bxe3 12. Qxe3 O-O 13. g4 Nhf4 14. h5 Nxe2 15. Nxe2 Nh8 16. c5 f6 17. O-O-O Nf7 18. Nc3 Ng5 19. Be2 Bd7 20. Kb1 Qe7 21. cxd6 cxd6 22. Rc1 Rfc8 23. Rc2 Qd8 24. Rhc1 Qa5 25. Nd1 Rxc2 26. Rxc2 Rc8 27. Rxc8+ Bxc8 28. Qc3 Qxc3 29. Nxc3 Bd7 30. b4 Kf8 31. a4 Ke7 32. Kc2 Be8 33. Kd2 g6 34. hxg6 Bxg6 35. a5 Be8 36. Ke3 h5 37. gxh5 Bxh5 38. a6 bxa6 39. Bxa6 Bxf3 40. Bd3 Kd7 41. Bf1 Ke7 42. Bd3 Bg2 43. Kf2 Bh3 44. Nb5 a6 45. Nc7 Kd7 46. Nxa6 Kc8 47. b5 Kb7 48. Nb4 Kb6 49. Nc6 Bg4 50. Nb4 Bd7 51. Nc6 Nh3+ 52. Ke3 Nf4 53. Bf1 f5 54. Ne7 fxe4 55. Kxe4 Kc5 56. Nc6 Nxd5 57. Nxe5 Nf6+ 58. Kf4 Nh5+ 59. Kg5 dxe5 60. Kxh5 Bxb5 61. Bg2 Bc6 62. Bf1 Kd4 63. Kg4 Ke3 64. Kg3 Kd2 65. Bh3 e4 66. Bg2 e3 67. Bf1 Be4 0-1

[Event "Oslo Chess Festival 2017"]
[Site "Oslo"]
[Date "2017.09.30"]
[Round "3"]
[White "Johansen, Kai -Roger"]
[Black "Lund, Gunnar"]
[Result "1-0"]
[ECO "D00"]
[WhiteElo "1950"]
[BlackElo "2244"]
[Annotator "NA"]
[PlyCount "111"]
[EventDate "2017.??.??"]
[EventType "swiss"]
[EventCountry "NOR"]
[SourceTitle "playchess.com"]
[Source "ChessBase"]
[SourceQuality "1"]
[TimeControl "5400+30"]

1. d4 Nf6 2. Bf4 d5 3. e3 c5 4. c3 Nc6 5. Nd2 cxd4 6. exd4 Bf5 7. Nb3 e6 8. Bd3 Bxd3 9. Qxd3 Bd6 10. Bg3 O-O 11. Nf3 Ne4 12. O-O Rb8 13. Rfe1 b5 14. a3 a5 15. Rac1 Nxg3 16. hxg3 Qe7 17. Ne5 Rfc8 18. Nxc6 Rxc6 19. Nxa5 Rcc8 20. Nb3 Qc7 21. Nd2 g6 22. Rcd1 Kg7 23. Nf3 Qc4 24. Qe3 Qb3 25. Rd2 Qc4 26. Ne5 Qc7 27. Ng4 Qe7 28. Qh6+ Kh8 29. Rde2 Qf8 30. Qxf8+ Bxf8 31. Ne5 Rb7 32. g4 Bd6 33. g5 Kg7 34. g3 h6 35. gxh6+ Kxh6 36. Kg2 Bxe5 37. Rh1+ Kg7 38. Rxe5 Rbb8 39. Kf3 Rh8 40. Ree1 Kf6 41. Kg2 Kg7 42. g4 g5 43. Kf3 Kf6 44. Kg2 Kg7 45. f3 Kf6 46. Rxh8 Rxh8 47. Rh1 Re8 48. Kf2 Kg6 49. Rh2 f5 50. Rh1 fxg4 51. fxg4 Rf8+ 52. Kg3 Rf4 53. Rh8 Re4 54. Rb8 Re3+ 55. Kf2 Re4 56. Kf3 1-0

[Event "Oslo Chess Festival 2017"]
[Site "Oslo"]
[Date "2017.09.30"]
[Round "3"]
[White "Kleinert, Juergen"]
[Black "Ernst, Thomas"]
[Result "0-1"]
[ECO "B22"]
[WhiteElo "1918"]
[BlackElo "2371"]
[Annotator "NA"]
[PlyCount "84"]
[EventDate "2017.??.??"]
[EventType "swiss"]
[EventCountry "NOR"]
[SourceTitle "playchess.com"]
[Source "ChessBase"]
[SourceQuality "1"]
[TimeControl "5400+30"]

1. e4 c5 2. c3 d5 3. exd5 Qxd5 4. d4 Nf6 5. Nf3 e6 6. Be2 Nc6 7. O-O cxd4 8. cxd4 Be7 9. Nc3 Qd6 10. Nb5 Qd8 11. Bf4 Nd5 12. Bg3 a6 13. Nc3 O-O 14. Rc1 Nf6 15. a3 Nh5 16. Be5 Nxe5 17. dxe5 Nf4 18. Re1 Nxe2+ 19. Rxe2 b5 20. Rd2 Qb6 21. Qe2 Bb7 22. Rd7 Rfe8 23. Rcd1 Rad8 24. h3 Bc6 25. R7d3 Rxd3 26. Rxd3 Rd8 27. Rxd8+ Qxd8 28. Qe3 b4 29. axb4 Bxb4 30. Nd4 Bb7 31. Nc2 Bf8 32. Ne1 Qc7 33. Nd3 Qc4 34. Kh2 a5 35. Nf4 Qc5 36. Qe2 g6 37. Nd3 Qd4 38. Qc2 Ba6 39. Nc1 Qxe5+ 40. Kg1 Qe1+ 41. Kh2 Bd6+ 42. g3 Bb7 0-1

[Event "Oslo Chess Festival 2017"]
[Site "Oslo"]
[Date "2017.09.30"]
[Round "3"]
[White "Omtvedt, Per"]
[Black "Ronneland, Daniel"]
[Result "0-1"]
[ECO "C95"]
[WhiteElo "1880"]
[BlackElo "2218"]
[Annotator "NA"]
[PlyCount "92"]
[EventDate "2017.??.??"]
[EventType "swiss"]
[EventCountry "NOR"]
[SourceTitle "playchess.com"]
[Source "ChessBase"]
[SourceQuality "1"]
[TimeControl "5400+30"]

1. e4 e5 2. Nf3 Nc6 3. Bb5 a6 4. Ba4 Nf6 5. O-O Be7 6. Re1 b5 7. Bb3 d6 8. c3 O-O 9. h3 Nb8 10. d4 Nbd7 11. Nbd2 Bb7 12. Bc2 Re8 13. Nf1 Bf8 14. Ng3 g6 15. a4 c5 16. dxe5 dxe5 17. Be3 c4 18. Qe2 Qc7 19. Nd2 Nc5 20. Ra2 Ne6 21. f3 h5 22. Qf2 Nd7 23. Ne2 Ndc5 24. g4 hxg4 25. hxg4 Nd3 26. Bxd3 cxd3 27. Nc1 Red8 28. axb5 Nf4 29. Kh2 Qd6 30. bxa6 Qf6 31. Qg3 Rxa6 32. Rxa6 Bxa6 33. Bxf4 exf4 34. Qf2 Bc5 35. Qxc5 Qh4+ 36. Kg2 Qxe1 37. Ncb3 Rb8 38. Qe5 Qg3+ 39. Kh1 Rxb3 40. Nxb3 Qxf3+ 41. Kh2 Qg3+ 42. Kh1 Qh3+ 43. Kg1 Qxg4+ 44. Kh2 Qe2+ 45. Kg1 Qd1+ 46. Kh2 Qxb3 0-1

[Event "Oslo Chess Festival 2017"]
[Site "Oslo"]
[Date "2017.09.30"]
[Round "3"]
[White "Holand, Per Fredrik"]
[Black "Nordquelle, Daniel"]
[Result "0-1"]
[ECO "A84"]
[WhiteElo "1866"]
[BlackElo "2203"]
[Annotator "NA"]
[PlyCount "102"]
[EventDate "2017.??.??"]
[EventType "swiss"]
[EventCountry "NOR"]
[SourceTitle "playchess.com"]
[Source "ChessBase"]
[SourceQuality "1"]
[TimeControl "5400+30"]

1. d4 d5 2. c4 e6 3. Nc3 c6 4. e3 Nd7 5. Nf3 f5 6. Bd3 Nh6 7. Bd2 Bd6 8. Rb1 Qe7 9. Ne2 Nf7 10. b4 Nf6 11. b5 cxb5 12. cxd5 exd5 13. Bxb5+ Kf8 14. h4 Ne4 15. Qb3 Be6 16. Bb4 g6 17. Nf4 Kg7 18. O-O Rhc8 19. Bxd6 Qxd6 20. Rfc1 h6 21. Qb2 g5 22. hxg5 hxg5 23. Nd3 a6 24. Ba4 b5 25. Bb3 Qe7 26. Nfe5 Nfd6 27. Nc6 Qe8 28. Nde5 Nc4 29. Bxc4 bxc4 30. Qb7+ Kh6 31. g3 Nd6 32. Qb4 Rxc6 33. Nxc6 Qxc6 34. Kg2 Kg6 35. Qa5 Kf6 36. Rb6 Qd7 37. Rxa6 Rxa6 38. Qxa6 f4 39. Rh1 fxe3 40. fxe3 Nf5 41. Qa3 Kg7 42. Qc3 Qa7 43. a3 Nd6 44. Rf1 Bf5 45. Qb4 Qe7 46. Qd2 Qe6 47. Ra1 Ne4 48. Qe1 c3 49. a4 Nd2 50. Qf2 Be4+ 51. Kg1 Qh3 0-1